 Dungeon Crawl Stone Soup version 0.29.0-13-gc9e81de378 (webtiles) character file.

Game seed: 8556054409023314467

2 howech the Insei (level 1, -1/15 HPs)
             Began as a Formicid Transmuter on Sept 10, 2022.
             Slain by a jackal (3 damage)
             ... on level 1 of the Dungeon.
             The game lasted 00:00:33 (53 turns).

howech the Insei (Formicid Transmuter)                Turns: 53, Time: 00:00:34

Health: -1/15      AC:  2    Str: 14    XL:     1   Next: 44%
Magic:  2/3        EV: 12    Int: 12    God:
Gold:   8          SH:  0    Dex: 14    Spells: 3/4 levels left

rFire   . . .      SeeInvis +     - Unarmed
rCold   . . .      Faith    .   (no shield)
rNeg    . . .      Spirit   .   a - +0 robe
rPois   .          Reflect  .   (helmet unavailable)
rElec   .          Harm     .   (no cloak)
rCorr   .          Rampage  .   (no gloves)
Will    .....                   (boots currently unavailable)
Stlth   +.........              (no amulet)
HPRegen 0.05/turn               (no ring)
MPRegen 0.08/turn               (no ring)

@: appendages (expiring)
A: talons 2, permanent stasis, dig shafts and tunnels, antennae 3, four strong
arms
a: Dig, Shaft Self, End Transformation


You were on level 1 of the Dungeon.
You had temporarily grown beastly talons.
You visited 1 branch of the dungeon, and saw 1 of its levels.

You collected 8 gold pieces.

Inventory:

Armour
 a - a +0 robe (worn)
Potions
 b - a potion of lignification
 c - 2 potions of degeneration {unknown}


   Skills:
 + Level 1.2 Fighting
 + Level 1.8 Dodging
 + Level 3.0 Unarmed Combat
 + Level 2.2 Spellcasting
 + Level 2.2 Transmutations


You had 3 spell levels left.
You knew the following spells:

 Your Spells              Type           Power      Damage    Failure   Level
a - Beastly Appendage     Tmut           12%        N/A       11%         1

Your spell library contained the following spells:

 Spells                   Type           Power      Damage    Failure   Level
 Wereblood                Tmut           6%         N/A       16%         2
 Spider Form              Tmut/Pois      4%         N/A       45%         3
 Ice Form                 Ice/Tmut       4%         N/A       86%         4


Dungeon Overview and Level Annotations

Branches:
Dungeon (1/15)

Altars:


Innate Abilities, Weirdness & Mutations

You have temporarily grown beastly talons.
You cannot be hasted, slowed, berserked, paralysed or teleported.
You can dig through walls and to a lower floor.
You have a pair of large antennae on your head. (SInv)
Your four strong arms can wield two-handed weapons with a shield.


Message History

You hit the jackal but do no damage.
The jackal is almost dead.
The jackal closely misses you. The endoplasm freezes you.
You are frozen.
The jackal bites you but does no damage.
You hit the jackal.
You kill the jackal!
The jackal closely misses you. The endoplasm barely misses you.
The jackal attacks as you move away!
The jackal bites you but does no damage.
The endoplasm freezes you.
You are frozen.
* * * LOW HITPOINT WARNING * * *
The jackal barely misses you. The endoplasm attacks as you move away!
The endoplasm barely misses you. The endoplasm attacks as you move away!
The endoplasm barely misses you. The endoplasm attacks as you move away!
The endoplasm closely misses you. The jackal closely misses you.
You hit the jackal.
The jackal is heavily wounded.
The jackal closely misses you.
You hit the jackal but do no damage.
The jackal is heavily wounded.
The jackal bites you.
* * * LOW HITPOINT WARNING * * *
Casting: Beastly Appendage (safe; 11% risk of failure)
Confirm with . or Enter, or press ? or * to list all spells.
Your feet morph into talons.
Your transformation is almost over.
The jackal misses you. The jackal closely misses you.
Unknown command.
Okay, then.
You closely miss the jackal. Your kick misses the jackal.
The jackal is heavily wounded.
The jackal misses you.
You barely miss the jackal.
The jackal is heavily wounded.
The jackal bites you.
You die...

{ ### { ..# . #?+
{[## #. #.# ...
#{.. #.###.# #...
#@#... #
##.##...###h#.#
##
#..........J..#
<#
#.............#
##
#.............#
####
#.............#
...#
#..........####
##.# #..........#
##.###..........#


You could see an endoplasm and a jackal.

Vanquished Creatures
  2 jackals (D:1)
2 creatures vanquished.

Notes
Turn   | Place    | Note
-------+----------+-------------------------------------------
     0 | D:1      | howech the Formicid Transmuter began the quest for the Orb.
     0 | D:1      | Reached XP level 1. HP: 15/15 MP: 3/3
    53 | D:1      | Slain by a jackal

Illustrated notes

Levels and vault maps discovered:
D:1:      saegor_arrival_simple_a, layout_basic,
          shapermc_ecumenical_altar_totnotflames, serial_shops,
          nicolae_shop_window_shopping, minmay_pentomino_r4

Action                   || total
-------------------------++-------
Melee: Unarmed           ||    14
       Punch             ||     1
 Cast: Beastly Appendage ||     1
Armor: Robe              ||     6
Dodge: Dodged            ||    27
